 Dungeon Crawl Stone Soup version 0.31-a0-1388-g4b2ba238e7 (webtiles) character file.

Game seed: 10612171654603768354

80407 Laraso the Arsonist (level 15, -11/140 HPs)
             Began as an Oni Cinder Acolyte on Dec 24, 2023.
             Was a Priest of Ignis.
             Mangled by a white ugly thing (46 damage)
             ... on level 15 of the Dungeon.
             The game lasted 00:53:02 (27161 turns).

Laraso the Arsonist (Oni Cinder Acolyte)           Turns: 27161, Time: 00:53:03

Health: -11/140    AC:  5    Str: 25    XL:     15   Next: 66%
Magic:  18/27      EV:  1    Int: 19    God:    Ignis [***...]
Gold:   2165       SH:  0    Dex:  0    Spells: 13/38 levels left

rFire   + + +        a - staff of fire
rCold   x . .        (no shield)
rNeg    . . .        E - +3 steam dragon scales
rPois   .            (helmet restricted)
rElec   +            r - +1 cloak {Will+}
rCorr   .            (gloves unavailable)
SInv    .            (boots unavailable)
Will    ++...        e - amulet of the Middle {RegenMP rElec Str+3} Stlth
                     P - ring of fire
HPRegen 0.43/turn    t - ring of wizardry
MPRegen 0.60/turn

%: wizardry (x1)
@: swift, corroded, slowed, lost dexterity, slow
A: large, unfitting armour, horns 2, tough skin 1, double potion healing,
drunken brawling, talons 1, [clumsy 2], [deformed body], [dopey 1], [low MP 1]
a: Renounce Religion, Fiery Armour, Foxfire Swarm, Rising Flame


You were on level 15 of the Dungeon.
You worshipped Ignis.
Ignis was most pleased with you.
You visited 2 branches of the dungeon, and saw 20 of its levels.
You also visited: Gauntlet.

You collected 2352 gold pieces.
You spent 187 gold pieces at shops.

Inventory:

Hand Weapons
 b - a +1 flail of protection
 u - a +2 giant spiked club of protection
Missiles
 F - 2 throwing nets
Armour
 r - a +1 cloak of willpower (worn)
 E - +3 steam dragon scales (worn)
Magical Staves
 a - a staff of fire (weapon)
 l - the staff of Nuoser {rF++ rN+ rCorr MP+9 Dex-2 Necro}
   (You found it on level 2 of the Lair of Beasts)

   [staff of death]

   Base accuracy: +5 Base damage: 5 Base attack delay: 1.2 This weapon's minimum
   attack delay (0.6) is reached at skill level 12.
   Dex-2:     It affects your dexterity (-2).
   rF++:      It greatly protects you from fire.
   rN+:       It protects you from negative energy.
   MP+9:      It affects your magic capacity (+9).
   rCorr:     It protects you from acid and corrosion.
   Necro:     It increases the power of your Necromancy spells.
   It falls into the 'Staves' category.
   It is a one-handed weapon.
Jewellery
 e - the amulet of the Middle (around neck) {RegenMP rElec Str+3}
   (You found it on level 1 of the Lair of Beasts)

   [amulet of magic regeneration]

   RegenMP:   It increases your rate of magic regeneration.
   Str+3:     It affects your strength (+3).
   rElec:     It insulates you from electricity.
 j - an amulet of regeneration
 t - a ring of wizardry (right hand)
 A - a +4 ring of protection
 N - the ring of Qyru {Ice Will+ Str-2 Int+3}
   (You took it off a minotaur in a Gauntlet)

   [ring of ice]

   Ice:       It enhances your ice magic.
   Str-2:     It affects your strength (-2).
   Int+3:     It affects your intelligence (+3).
   rF-:       It makes you vulnerable to fire.
   rC+:       It protects you from cold.
   Will+:     It increases your willpower.
 O - the ring of Patience {rN+ rCorr Stlth+}
   (You found it in a Gauntlet)

   [ring of positive energy]

   rN+:       It protects you from negative energy.
   rCorr:     It protects you from acid and corrosion.
   Stlth+:    It makes you more stealthy.
 P - a ring of fire (left hand)
 Q - the ring of Urenk {^Contam Fly rPois Int+5}
   (You found it in a Gauntlet)

   [ring of flight]

   Int+5:     It affects your intelligence (+5).
   rPois:     It protects you from poison Fly: It grants you flight.
   ^Contam:   It causes magical contamination when unequipped.
 S - an amulet of regeneration
Wands
 k - a wand of iceblast (8)
 m - a wand of digging (5)
 n - a wand of flame (69)
 D - a wand of polymorph (4)
 G - a wand of mindburst (3)
Scrolls
 d - 7 scrolls of vulnerability
 g - a scroll of torment
 h - 6 scrolls of revelation
 p - 4 scrolls of blinking
 q - a scroll of immolation
 s - 6 scrolls of teleportation
 y - 4 scrolls of amnesia
 z - 2 scrolls of fear
 C - a scroll of silence
 R - a scroll of identify
Potions
 c - 4 potions of enlightenment
 f - 7 potions of attraction
 i - 3 potions of magic
 o - a potion of resistance {unknown}
 v - a potion of brilliance
 w - 4 potions of lignification
 x - a potion of ambrosia
 B - 2 potions of curing
 H - a potion of berserk rage
 J - a potion of cancellation {unknown}
 K - 3 potions of mutation
 L - 3 potions of heal wounds


   Skills:
 - Level 7.0 Fighting
 + Level 14.5 Maces & Flails
 - Level 5.0 Armour
 - Level 12.0 Spellcasting
 * Level 8.1 Conjurations
 - Level 3.0 Hexes
 * Level 14.9 Fire Magic
 - Level 3.0 Air Magic
 - Level 5.0 Alchemy
 - Level 3.0 Evocations


You had 13 spell levels left.
You knew the following spells:

 Your Spells              Type           Power      Damage    Failure   Level
a - Scorch                Fire           100%       2d9       0%          2
b - Flame Wave            Conj/Fire      90%        2d19      1%          4
d - Sticky Flame          Fire/Alch      84%        2d13      1%          4
e - Inner Flame           Hex/Fire       80%        N/A       1%          3
f - Volatile Blastmotes   Fire/Tloc      100%       2d18      1%          3
s - Swiftness             Air            22%        N/A       2%          3
v - Starburst             Conj/Fire      45%        6d13      3%          6

Your spell library contained the following spells:

 Spells                   Type           Power      Damage    Failure   Level
 Slow                     Hex            88%        N/A       1%          1
 Ensorcelled Hibernation  Hex/Ice        34%        N/A       1%          2
 Jinxbite                 Hex            44%        N/A       1%          2
 Passwall                 Alch/Erth      16%        N/A       1%          2
 Dazzling Flash           Conj/Hex       64%        N/A       1%          3
 Mephitic Cloud           Conj/Alch/Air  31%        N/A       1%          3
 Fireball                 Conj/Fire      45%        3d18      1%          5
 Apportation              Tloc           22%        N/A       2%          1
 Confusing Touch          Hex            22%        N/A       2%          3
 Sigil of Binding         Hex            22%        N/A       2%          3
 Tukima's Dance           Hex            22%        N/A       2%          3
 Iskenderun's Battlesphe  Conj           42%        2d9       2%          5
 Call Imp                 Summ           22%        N/A       3%          2
 Sublimation of Blood     Necr           11%        N/A       3%          2
 Brom's Barrelling Bould  Conj/Erth      26%        2d5       4%          4
 Cause Fear               Hex            11%        N/A       7%          4
 Vampiric Draining        Necr           11%        2d6       8%          3
 Leda's Liquefaction      Alch/Erth      10%        N/A       9%          4
 Alistair's Intoxication  Alch           20%        N/A       9%          5
 Dimensional Bullseye     Hex/Tloc       8%         N/A       13%         4
 Summon Lightning Spire   Summ/Air       17%        N/A       13%         4
 Yara's Violent Unravell  Hex/Alch       13%        3d7       13%         5
 Silence                  Hex/Air        11%        N/A       19%         5
 Animate Armour           Summ/Erth      22%        N/A       24%         4
 Passage of Golubria      Tloc           11%        N/A       24%         4
 Metabolic Englaciation   Hex/Ice        8%         N/A       32%         5
 Conjure Ball Lightning   Conj/Air       16%        3x3d6     34%         6
 Eringya's Noxious Bog    Alch           15%        4d6       41%         6
 Agony                    Necr           11%        N/A       52%         5
 Lee's Rapid Deconstruct  Erth           5%         3d6*      52%         5
 Summon Forest            Summ/Tloc      5%         N/A       52%         5
 Bombard                  Conj/Erth      13%        9d3       54%         6
 Orb of Destruction       Conj           21%        9d8       56%         7
 Dispersal                Tloc           5%         N/A       97%         6
 Summon Cactus Giant      Summ           5%         N/A       97%         6
 Malign Gateway           Summ/Tloc      5%         N/A       100%        7
 Summon Hydra             Summ           5%         N/A       100%        7
 Maxwell's Capacitive Co  Air            11%        ∞         100%        8
 Summon Horrible Things   Summ           5%         N/A       100%        8
 Dragon's Call            Summ           5%         N/A       100%        9


Dungeon Overview and Level Annotations

Branches:
Dungeon (15/15)            Temple (0/1) D:4            Lair (5/5) D:9
 Shoals (0/4) Lair:3        Snake (0/4) Lair:3        Slime (0/5) Lair:4
    Orc (0/2) D:10         Vaults (0/5) D:13         Depths (0/4) D:15
Gauntlet (visited)

Altars:
Cheibriados
Dithmenos
Elyvilon
Kikubaaqudgha
Makhleb
Qazlal
Ru
Sif Muna
Trog
Wu Jian
Xom
Yredelemnul
Zin
The Shining One

Shops:
D:4 [   D:5 [   D:8 [[([   D:9 ((:[   D:15 !


Innate Abilities, Weirdness & Mutations

You are too large for most types of armour.
You have a pair of horns on your head.
You have tough skin. (AC +1)
You gain doubled healing and magic from potions.
Whenever you drink a healing potion, you attack all around you.
You have sharp toenails.
[You are very clumsy. (Dex -4)]
[Armour fits poorly on your strangely shaped body.]
[You are dopey. (Int -2)]
[Your magical capacity is low. (-10% MP)]


Message History

The green ugly thing is almost dead.
You feel very sick.
The green ugly thing burns! x2
You kill the green ugly thing!
You feel the corruption within you wane somewhat.
You feel more energetic.
You feel clever.
Unknown command.
You feel sick.
Casting: Sticky Flame (safe; 1% risk of failure)
Confirm with . or Enter, or press ? or * to list all spells.
You feel quick.
You feel sick.
You feel sick.
You feel sick.
You are no longer poisoned.
The brown ugly thing attacks as it pursues you!
The brown ugly thing punches you but does no damage.
The white ugly thing attacks as it pursues you!
The white ugly thing gores you but does no damage.
The brown ugly thing punches you but does no damage.
Casting: Swiftness (mildly dangerous; 2% risk of failure)
Confirm with . or Enter, or press ? or * to list all spells.
Casting: Starburst (dangerous; 3% risk of failure)
Press: ? - help, Dir - look around, f - activate You feel a strong surge of power!
The bolt of fire hits the white ugly thing!!!
The white ugly thing is heavily wounded.
The tree burns like a torch!
The bolt of fire hits the brown ugly thing!!!
The brown ugly thing is severely wounded.
The bolt of fire hits the purple ugly thing!!
The purple ugly thing is heavily wounded.
The brown ugly thing punches you but does no damage.
The white ugly thing gores you. The white ugly thing freezes you!!!
You feel a terrible chill! The brown ugly thing punches you.
The acid corrodes you!
You are splashed with acid!
* * * LOW HITPOINT WARNING * * *
The white ugly thing gores you.
* * * LOW HITPOINT WARNING * * *
The white ugly thing freezes you!!!
You feel a terrible chill!
You die...

,,,+,*###.............,,#####....
,cu#,.................,,#########
,u..,............##+#**** *
*#....###...........# * #....*
#....#......## *
#...?#######........#********* *
*#....u....##.......∩+,,,,,,,,* *
,#.....uu..##........#*******,* *
,*,,,,##'##.....@....# *,* *
,,,,,##8u8##...uuu...###### *,* *
,,,,##.....##..)..........# *,***
,,,##8....u8##..u....##.#.# *,,,,
,,##.........##...........# *****
,,#8.........8#u.♣.♣.§.♣..#
,,+..........†'.....8.....#
,,#8.........8##.♣.♣.♣.♣..#
,,##.........###..8.∩.8...#


You could see 5 ugly things.

Vanquished Creatures
  Jorgrun (D:14)
  A minotaur (Gauntlet)
  Snorg (Lair:3)
  4 vault guards (D:13)
  Harold (D:9)
  7 hydras
  4 centaur warriors
  An anaconda (Lair:5)
  2 boulder beetles
  2 two-headed ogres
  2 tengu warriors
  4 skysharks
  A goliath frog (Lair:5)
  A wretched star (Gauntlet)
  A lindwurm (Lair:5)
  Pikel (D:3)
  9 ugly things
  2 oklob plants (Lair:3)
  4 cyclopes
  A shining eye (Lair:3)
  5 manticores
  16 elephants
  5 black mambas
  3 gargoyles
  A torpor snail (Lair:4)
  17 cane toads
  2 rime drakes
  3 kobold demonologists
  An efreet (D:14)
  2 unseen horrors
  9 komodo dragons
  2 tengu conjurers
  2 polar bears
  3 meliai (D:14)
  3 trolls
  2 tyrant leeches (Lair:5)
  Grinder (D:4)
  A hornet (D:8)
  32 blink frogs
  4 dream sheep (Lair:4)
  17 slime creatures
  4 shadows
  A water elemental (D:13)
  A spriggan (Lair:4)
  3 centaur simulacra
  Sigmund (D:4)
  3 wyverns
  A wraith (D:14)
  4 vampires
  51 yaks
  5 basilisks
  3 steam dragons
  5 humans (D:8)
  16 vampire mosquitoes
  Edmund (D:4)
  13 water moccasins
  2 acid dragons
  A naga (Lair:3)
  2 ice beasts
  2 orc warriors (D:7)
  A sky beast (D:7)
  An ice dragon simulacrum (Gauntlet)
  A small abomination (Gauntlet)
  11 wolves
  7 centaurs
  An ogre (D:5)
  A lemure (D:3)
  2 phantoms (D:5)
  3 kobold brigands (D:11)
  22 bullfrogs
  2 gnoll sergeants
  2 scorpions
  7 wights
  3 killer bees (D:9)
  11 howler monkeys
  2 bombardier beetles (D:4)
  5 hounds
  4 jellies
  3 orc priests
  3 gnoll boudas
  8 orc wizards
  A sleepcap (D:6)
  3 iguanas
  4 hell rats (Lair:5)
  2 boggart simulacra (D:13)
  28 gnolls
  9 adders
  6 white imps
  2 ufetubi (D:13)
  3 worms
  A dart slug (D:2)
  34 orcs
  13 endoplasms
  11 giant cockroaches
  9 goblins
  10 hobgoblins
  4 jackals
  18 kobolds
  2 quokkas
  10 ball pythons
  7 bats
  5 frilled lizards
  5 rats
587 creatures vanquished.

Vanquished Creatures (others)
  A howler monkey (D:12)
1 creature vanquished.

Grand Total: 588 creatures vanquished

Notes
Turn   | Place    | Note
-------+----------+-------------------------------------------
     0 | D:1      | Laraso the Oni Cinder Acolyte began the quest for the Orb.
     0 | D:1      | Reached XP level 1. HP: 24/24 MP: 2/2
    48 | D:1      | Reached XP level 2. HP: 14/32 MP: 2/4
   201 | D:1      | Learned a level 2 spell: Scorch
   332 | D:1      | Reached XP level 3. HP: 36/36 MP: 1/5
   902 | D:2      | Reached XP level 4. HP: 48/48 MP: 4/7
  1345 | D:2      | Learned a level 4 spell: Flame Wave
  2294 | D:3      | Identified the +5 dagger of the Irksome God {venom, *Noise
                  | rN+ Str+5}
  2600 | D:3      | Reached XP level 5. HP: 54/54 MP: 4/9
  2926 | D:3      | Learned a level 4 spell: Sticky Flame
  3140 | D:4      | Noticed a lemure
  3314 | D:3      | Killed a lemure
  3387 | D:4      | Noticed Pikel
  3389 | D:4      | Noticed a lemure
  3390 | D:4      | Reached skill level 5 in Maces & Flails
  3448 | D:3      | Killed Pikel
  3449 | D:3      | Reached XP level 6. HP: 28/62 MP: 1/12
  3449 | D:3      | Reached XP level 7. HP: 31/70 MP: 1/13
  3741 | D:4      | Noticed Grinder
  3749 | D:4      | Killed Grinder
  3750 | D:4      | Reached skill level 1 in Conjurations
  3750 | D:4      | Reached XP level 8. HP: 49/78 MP: 2/14
  4270 | D:4      | Noticed Sigmund
  4275 | D:4      | Killed Sigmund
  4276 | D:4      | Reached skill level 1 in Alchemy
  4470 | D:4      | Noticed Edmund
  4486 | D:4      | Killed Edmund
  4883 | D:4      | Learned a level 3 spell: Inner Flame
  4974 | D:4      | Found Esyfe's Antique Armour Shoppe.
  5004 | D:4      | Bought a runed cloak for 187 gold pieces
  5204 | D:4      | Found a staircase to the Ecumenical Temple.
  5332 | D:5      | Entered Level 5 of the Dungeon
  5353 | D:5      | Reached XP level 9. HP: 83/84 MP: 4/15
  5522 | D:5      | Reached skill level 5 in Fire Magic
  5864 | D:5      | Found a shimmering blue altar of Sif Muna.
  5866 | D:5      | Found a bloodstained altar of Trog.
  6096 | D:5      | Found Biqun's Armour Shoppe.
  6737 | D:6      | Reached skill level 1 in Hexes
  8065 | D:7      | Reached XP level 10. HP: 63/92 MP: 2/16
  8569 | D:8      | Found Wimupn's Armour Shoppe.
  8756 | D:8      | Found Yxzuahov's Weapon Boutique.
  8800 | D:8      | Noticed a cyclops
  8805 | D:8      | Killed a cyclops
  8806 | D:8      | Reached skill level 5 in Spellcasting
  8952 | D:8      | Found Pokudenk's Antique Armour Shoppe.
  8967 | D:8      | Found a white marble altar of Elyvilon.
  9021 | D:8      | Found Cezowkut's Antique Armour Emporium.
  9797 | D:9      | Learned a level 3 spell: Swiftness
  9882 | D:9      | Noticed Harold
  9955 | D:9      | Killed Harold
  9956 | D:9      | Reached skill level 10 in Maces & Flails
 10047 | D:9      | Found Ryv Luli's Antique Armour Boutique.
 10118 | D:9      | Reached XP level 11. HP: 31/100 MP: 2/23
 10469 | D:9      | Found Esevveyc's Antique Weapon Shoppe.
 10470 | D:9      | Found Raphus's Book Shop.
 10546 | D:9      | Found a staircase to the Lair.
 10753 | D:9      | Found Siob's Weapon Boutique.
 10872 | Lair:1   | Entered Level 1 of the Lair of Beasts
 11934 | Lair:1   | Identified the amulet of the Middle {RegenMP rElec Str+3}
 12458 | Lair:2   | Noticed a six-headed hydra
 12473 | Lair:2   | Killed a six-headed hydra
 12474 | Lair:2   | Reached XP level 12. HP: 61/107 MP: 14/24
 12687 | Lair:2   | Reached skill level 10 in Fire Magic
 13064 | Lair:2   | Identified the staff of Nuoser {rF++ rN+ rCorr MP+9 Dex-2
                  | Necro}
 13766 | Lair:2   | Noticed a skyshark
 13774 | Lair:2   | Killed a skyshark
 13933 | Lair:3   | Noticed Nessos
 13934 | Lair:3   | Nessos changed into Nessos the shining eye
 13934 | Lair:3   | Noticed Nessos
 13946 | Lair:3   | Gained mutation: You are frail. (-10% HP) [Nessos]
 13948 | Lair:3   | Gained mutation: You occasionally lose the ability to read
                  | scrolls when taking damage. [Nessos]
 13949 | Lair:3   | Killed Nessos the shining eye
 13963 | Lair:3   | Lost mutation: You occasionally lose the ability to read
                  | scrolls when taking damage. [potion of mutation]
 13963 | Lair:3   | Lost mutation: You are frail. (-10% HP) [potion of
                  | mutation]
 13963 | Lair:3   | Gained mutation: You have a pair of horns on your head.
                  | [potion of mutation]
 13963 | Lair:3   | Gained mutation: You have sharp toenails. [potion of
                  | mutation]
 14015 | Lair:3   | Noticed a boulder beetle
 14037 | Lair:3   | Killed a boulder beetle
 14278 | Lair:3   | Noticed Snorg
 14286 | Lair:3   | Killed Snorg
 14374 | Lair:3   | Noticed a four-headed hydra
 14383 | Lair:3   | Killed a four-headed hydra
 14400 | Lair:3   | Reached skill level 5 in Fighting
 14457 | Lair:3   | Reached XP level 13. HP: 108/119 MP: 25/25
 14583 | Lair:3   | Found a staircase to the Snake Pit.
 14813 | Lair:3   | Found a staircase to the Shoals.
 14848 | Lair:3   | Reached skill level 1 in Armour
 15406 | Lair:3   | Found an ancient bone altar of Kikubaaqudgha.
 15644 | Lair:4   | Found a staircase to the Slime Pits.
 15915 | Lair:4   | Reached skill level 5 in Armour
 16109 | Lair:4   | Reached skill level 1 in Air Magic
 16887 | Lair:4   | Reached skill level 10 in Spellcasting
 16892 | Lair:4   | Noticed a dire elephant
 16901 | Lair:5   | Entered Level 5 of the Lair of Beasts
 17184 | Lair:5   | Reached XP level 14. HP: 119/133 MP: 29/29
 18041 | Lair:5   | Reached skill level 5 in Conjurations
 18045 | Lair:5   | Reached skill level 5 in Alchemy
 19168 | D:10     | Entered Level 10 of the Dungeon
 19281 | D:10     | Found a staircase to the Orcish Mines.
 19442 | D:10     | Found a sacrificial altar of Ru.
 19442 | D:10     | Found a burning altar of Makhleb.
 19444 | D:10     | Found a glowing golden altar of the Shining One.
 19444 | D:10     | Found a shimmering altar of Xom.
 19444 | D:10     | Found a basalt altar of Yredelemnul.
 19595 | D:10     | Found a snail-covered altar of Cheibriados.
 19596 | D:10     | Found an ornate altar of the Wu Jian Council.
 19596 | D:10     | Found a stormy altar of Qazlal.
 19706 | D:10     | Found a glowing silver altar of Zin.
 20866 | D:11     | Learned a level 6 spell: Starburst
 20870 | D:11     | Learned a level 3 spell: Volatile Blastmotes
 22218 | D:12     | Found a shadowy altar of Dithmenos.
 22448 | D:12     | Identified a scroll of acquirement
 22449 | D:12     | Acquired 778 gold pieces
 22825 | D:12     | Reached skill level 1 in Evocations
 23182 | D:13     | Reached XP level 15. HP: 140/140 MP: 22/31
 23278 | D:13     | Found a gate to the Vaults.
 25338 | D:14     | Noticed Jorgrun
 25346 | D:14     | Killed Jorgrun
 25494 | D:14     | Found a basalt altar of Yredelemnul.
 25960 | D:15     | Entered Level 15 of the Dungeon
 26175 | D:15     | Found a gate leading to a gauntlet.
 26185 | D:15     | Found Oloecu Olue's Distillery.
 26197 | Gauntlet | Entered a Gauntlet
 26197 | Gauntlet | Found a runed translucent door.
 26197 | Gauntlet | Found a transporter.
 26197 | Gauntlet | Found a runed translucent door.
 26197 | Gauntlet | Found a transporter.
 26342 | Gauntlet | Found a transporter.
 26359 | Gauntlet | Found a transporter.
 26359 | Gauntlet | Found a transporter.
 26362 | Gauntlet | Found a transporter.
 26364 | Gauntlet | Found a transporter.
 26365 | Gauntlet | Found a transporter.
 26379 | Gauntlet | Found a transporter.
 26394 | Gauntlet | Found a transporter.
 26404 | Gauntlet | Found a transporter.
 26418 | Gauntlet | Found a transporter.
 26438 | Gauntlet | Found a transporter.
 26453 | Gauntlet | Found a transporter.
 26609 | Gauntlet | Lost dexterity.
 26887 | Gauntlet | Identified the ring of Qyru {Ice Will+ Str-2 Int+3}
 26908 | Gauntlet | Identified the ring of Patience {rN+ rCorr Stlth+}
 26908 | Gauntlet | Identified the ring of Urenk {^Contam Fly rPois Int+5}
 26908 | Gauntlet | Identified the +0 orcbow of Mayhem {heavy, Stlth+}
 26909 | Gauntlet | Got the Tome of the Hyperbolic Maleficium
 27113 | D:15     | Acquired a ring of fire
 27161 | D:15     | Mangled by a white ugly thing

Illustrated notes

Levels and vault maps discovered:
D:1:      onia_arrival_pyramid, layout_rooms, chequers_decorated_corner,
          minmay_misc_feat_enclosed, corexii_item_surrounded_by_moat
D:2:      layout_loops_ring
D:3:      layout_basic, hangedman_decor_points
D:4:      minmay_recursive_quarters, layout_basic, temple_green, serial_shops,
          shop, uniq_sigmund, uniq_edmund, uniq_pikel, uniq_grinder
D:5:      layout_basic, hellmonk_overflow_destroyed_library, serial_shops,
          kennysheep_mini_moat
D:6:      layout_loops_corners, nrook_loot_triangle, minmay_stone_trees_small,
          minivault_27
D:7:      layout_basic, amcnicky_mini_rare_corridor_liquid
D:8:      layout_cave_pods, elyvilon_altar_4, serial_shops, shop, shop, shop,
          shop, minmay_ruffians
D:9:      layout_basic, lair_entry_dummy, serial_shops, kennysheep_little_box,
          shop_statue, shop_fountains, nicolae_shop_real_fake_doors, uniq_harold
D:10:     layout_roguey, zin_academy, grunt_temple_overflow_open, orc_0_dummy
D:11:     layout_loops_corners
D:12:     layout_layer_cave, grunt_dithmenos_smoke_and_mirrors
D:13:     layout_long_grid, lightli_vaults_fourway_checkpoint, serial_ice,
          serial_ice_c, serial_ice_m, serial_ice_o, serial_ice_i, serial_ice_f,
          dreamdust_wishing_well
D:14:     layout_small_grid, yredelemnul_altar_generic, fungi_pond_lemuel,
          drop_trap, uniq_jorgrun
D:15:     gammafunk_enter_depths_forms, layout_basic, dk_noncrumbling_4,
          gauntlet_entry_generic, minmay_shop_grid_forest
Lair:1:   layout_regular_city, chequers_serial_rivers_micro_b,
          grunt_megastairs_1
Lair:2:   layout_concentric_octagons, infiniplex_staircase_pool_2
Lair:3:   layout_cave_pods, minmay_shoals_entry_centaurs,
          guppyfry_snake_entry_island, st_stairs_11, lemuel_oklob_altar,
          uniq_snorg, uniq_nessos
Lair:4:   mu_elephants_graveyard, layout_loops_ring,
          nicolae_slime_entry_slimehenge
Lair:5:   minmay_lair_end_frog_pond, layout_gridlike,
          chequers_serial_rivers_micro_b, hibernation_bobbens,
          infiniplex_staircase_pool

Skill      XL: |  1  2  3  4  5  6  7  8  9 10 11 12 13 14 15 |
---------------+----------------------------------------------+-----
Fire Magic     | 3 4 6 7 9 12 14 | 14.9
Spellcasting   | 2 3 4 8 11 12 | 12.0
Maces & Flails | 4 7 8 9 10 12 14 | 14.5
Conjurations   | 1 3 4 6 8 |  8.1
Alchemy        | 2 4 5 |  5.0
Hexes          | 3 |  3.0
Fighting       | 5 7 |  7.0
Armour         | 5 |  5.0
Air Magic      | 3 |  3.0
Evocations     | 1 3 |  3.0

Action                     |  1- 3 |  4- 6 |  7- 9 | 10-12 | 13-15 || total
---------------------------+-------+-------+-------+-------+-------++-------
  Melee: Mace              |    71 |    37 |    20 |       |       ||   128
         Headbutt          |     9 |     5 |     9 |    25 |    19 ||    67
         Flail             |       |       |    39 |   102 |    60 ||   201
         Punch             |       |       |       |     3 |     1 ||     4
         Staff             |       |       |       |     8 |    23 ||    31
         Kick              |       |       |       |     1 |    27 ||    28
   Cast: Scorch            |    15 |    69 |   112 |   104 |   250 ||   550
         Flame Wave        |       |       |    15 |    26 |    53 ||    94
         Sticky Flame      |       |       |    17 |    70 |   152 ||   239
         Volatile Blastmot |       |       |       |       |     5 ||     5
         Starburst         |       |       |       |       |    38 ||    38
         Inner Flame       |       |       |       |       |     2 ||     2
         Swiftness         |       |       |       |       |     1 ||     1
 Invoke: Fiery Armour      |       |     1 |     1 |     3 |     1 ||     6
  Evoke: Wand              |       |       |       |     1 |       ||     1
    Use: Scroll            |       |     5 |     2 |     8 |    16 ||    31
         Potion            |       |       |       |     6 |     3 ||     9
 Armour: Robe              |    60 |    76 |   163 |    10 |       ||   309
         Steam dragon scal |       |       |       |   250 |   521 ||   771
         Skin              |       |       |       |    17 |       ||    17
  Dodge: Dodged            |    45 |    44 |    92 |   125 |   196 ||   502

Table legend: (Time is in decaauts)
 A = Elapsed time spent in this place.
 B = Non-inter-level travel time spent in this place.
 C = Inter-level travel time spent in this place.
 D = Time resting spent in this place.
 E = Time spent auto-exploring this place.
 F = Levels seen in this place.
 G = Mean time per level.
                   A        B        C        D        E       F      G
               +--------+--------+--------+--------+--------+-----+--------+
         Total |  27425 |  26641 |    784 |   8059 |  13998 |  21 | 1306.0 |
       Dungeon |  18272 |  17647 |    625 |   5182 |   9849 |  15 | 1218.1 |
          Lair |   8005 |   7847 |    158 |   2263 |   3990 |   5 | 1601.0 |
      Gauntlet |   1147 |   1147 |      0 |    614 |    158 |   1 | 1147.0 |
               +--------+--------+--------+--------+--------+-----+--------+

Top non-repeatable levels by time:
     D:3: 2038 daAuts
  Lair:5: 1977 daAuts
    D:12: 1881 daAuts
  Lair:3: 1848 daAuts
    D:11: 1631 daAuts
     D:4: 1575 daAuts
  Lair:2: 1543 daAuts
     D:9: 1400 daAuts
     D:6: 1389 daAuts
  Lair:4: 1340 daAuts
    D:13: 1303 daAuts
    D:14: 1296 daAuts
  Lair:1: 1295 daAuts
     D:2: 1243 daAuts
     D:8: 1181 daAuts
